Map: 뉴 리퍼그넌시 - 래더

Players

Solar

  • Race: Zerg Zerg
  • Spawn Location: 1:00

INnoVation - Winner!

  • Race: Terran Terran
  • Spawn Location: 7:00

Event: IEM Season 13: Katowice (2019)

VOD

Have the link to the VOD?

Description

Time

  • Played on: March 1, 2019, 5:02 a.m.
  • Length: 15:53

All games in this series

Show
View Real Time Build Order
Export as new Build Order

Solar Zerg 

Build Orders: Hatch First, Brood Lord Corruptor 

Get SALT Encoding   

  12  0:01  Drone  
  13  0:13  Overlord  
  13  0:17  Drone  
  14  0:32  Drone x2  
  16  0:49  Hatchery  
  15  0:51  Drone  
  15  0:55  Drone  
  17  0:58  Drone  
  18  1:09  Extractor  
  17  1:14  Spawning Pool  
  17  1:17  Drone  
  17  1:20  Drone  
  18  1:29  Drone  
  19  1:41  Drone  
  20  2:00  Queen  
  22  2:03  Zergling x4  
  22  2:06  Hatchery  
  23  2:10  Drone  
  23  2:15  Queen  
  24  2:21  Overlord  
  26  2:26  Metabolic Boost  
  26  2:30  Drone  
  26  2:32  Drone  
  28  2:40  Drone x2  
  28  2:42  Drone  
  31  2:48  Queen  
  33  2:55  Drone x2  
  33  2:56  Drone  
  36  3:02  Overlord  
  36  3:18  Drone x5  
  41  3:20  Queen  
  41  3:26  Queen  
  45  3:29  Drone  
  45  3:31  Zergling x4  
  48  3:34  Overlord  
  48  3:36  Drone x2  
  48  3:41  Overlord  
  50  3:54  Drone x3  
  50  3:55  Overlord  
  53  3:59  Drone x2  
  53  4:02  Drone  
  55  4:03  Queen  
  55  4:04  Zergling x2  
  55  4:05  Zergling x4  
  55  4:08  Spore Crawler  
  59  4:11  Overlord  
  59  4:12  Spore Crawler, Drone  
  59  4:15  Drone  
  60  4:23  Baneling Nest  
  60  4:24  Lair  
  59  4:25  Spore Crawler  
  59  4:26  Drone  
  59  4:28  Drone, Extractor  
  59  4:29  Drone  
  60  4:31  Drone  
  60  4:32  Extractor  
  60  4:35  Drone x3  
  63  4:43  Drone x3  
  63  4:45  Zergling x2  
  67  4:46  Zergling x2  
  67  4:47  Overlord  
  67  4:50  Drone x3  
  67  4:51  Drone  
  72  4:56  Overlord  
  72  4:57  Drone  
  73  5:04  Overlord  
  73  5:06  Drone x3  
  73  5:07  Drone x3  
  77  5:09  Drone  
  77  5:13  Drone x2  
  79  5:15  Drone x2  
  79  5:17  Drone  
  79  5:20  Drone  
  81  5:23  Overseer  
  81  5:25  Overseer  
  81  5:29  Centrifical Hooks  
  81  5:30  Evolution Chamber, Drone  
  81  5:31  Evolution Chamber, Drone  
  81  5:33  Drone  
  82  5:36  Drone  
  82  5:40  Drone x2  
  82  5:41  Drone x2, Extractor x2  
  85  5:44  Overlord  
  85  5:47  Zergling x10  
  85  5:49  Zergling x2  
  91  6:02  Hydralisk Den, Hatchery  
  91  6:03  Zergling x4  
  91  6:04  Zergling x6  
  91  6:12  Drone x3  
  91  6:13  Zerg Ground Armor Level 1  
  91  6:14  Zerg Melee Weapons Level 1  
  91  6:18  Zergling x8  
  98  6:22  Queen  
  98  6:24  Baneling x2  
  98  6:25  Baneling  
  98  6:27  Overlord  
  98  6:30  Overlord  
  98  6:33  Baneling x2  
  98  6:34  Baneling x4  
  98  6:36  Zergling x6  
  101  6:40  Zergling x2  
  101  6:41  Zergling x6  
  101  6:46  Zergling x6  
  107  6:48  Overlord  
  107  6:51  Zergling x10  
  112  6:55  Drone x3  
  112  6:57  Grooved Spines  
  112  6:59  Baneling x2  
  112  7:00  Drone  
  116  7:02  Overlord  
  116  7:05  Zergling x2  
  117  7:09  Drone  
  117  7:14  Overlord  
  118  7:15  Queen  
  118  7:17  Drone, Hydralisk x3  
  127  7:23  Drone  
  127  7:24  Drone x3  
  127  7:25  Drone  
  127  7:26  Hydralisk x2  
  136  7:32  Baneling x2  
  136  7:34  Drone x2  
  128  7:38  Drone x4  
  128  7:40  Drone  
  128  7:41  Drone  
  128  7:45  Drone  
  128  7:46  Drone  
  128  7:47  Extractor  
  128  7:50  Baneling  
  129  7:51  Baneling x2  
  129  7:55  Overseer  
  129  7:56  Pneumatized Carapace  
  129  7:57  Zergling x20  
  139  8:05  Overlord  
  139  8:08  Muscular Augments  
  139  8:10  Zerg Ground Armor Level 2, Drone, Zerg Melee Weapons Level 2  
  140  8:13  Drone, Infestation Pit  
  140  8:16  Hydralisk x2  
  143  8:20  Hydralisk x3  
  143  8:25  Overseer  
  143  8:26  Hydralisk x2  
  153  8:31  Overlord x2, Hatchery  
  153  8:32  Overlord  
  152  8:35  Extractor, Overlord  
  151  8:45  Drone x4  
  151  8:48  Drone x2  
  154  8:49  Hydralisk x4  
  154  8:51  Baneling  
  154  8:52  Baneling x4  
  162  8:59  Zergling x8  
  166  9:04  Hive  
  166  9:08  Spire, Hatchery  
  164  9:12  Zergling x2  
  164  9:13  Zergling x12  
  169  9:21  Zergling x2  
  169  9:22  Zergling x14  
  174  9:26  Drone  
  174  9:27  Spore Crawler  
  174  9:29  Baneling x4, Hydralisk  
  176  9:34  Hydralisk x2  
  176  9:37  Overlord  
  180  9:40  Zergling x4  
  180  9:41  Zergling x10  
  187  9:49  Spire  
  187  9:50  Zergling x10  
  190  9:57  Zergling x2  
  190  9:58  Zergling x6  
  173  10:05  Zergling x8  
  173  10:06  Zergling x2  
  174  10:08  Zergling x16  
  174  10:09  Drone  
  174  10:10  Drone x2  
  174  10:13  Baneling  
  174  10:14  Baneling x4  
  173  10:15  Hydralisk x2  
  171  10:24  Zergling x6  
  171  10:25  Zergling x4  
  171  10:26  Hydralisk x3  
  175  10:28  Zergling x2  
  175  10:32  Baneling x3, Overseer, Viper x2  
  175  10:33  Adrenal Glands  
  182  10:38  Drone x2  
  184  10:43  Zergling x18  
  184  10:48  Zergling x2  
  193  10:52  Zergling x2  
  193  10:53  Zergling x6  
  190  10:59  Baneling x3  
  190  11:02  Zergling x6  
  183  11:05  Zergling x4  
  183  11:06  Zergling x6  
  183  11:10  Zergling x8  
  183  11:11  Zergling x6  
  174  11:13  Zergling x4  
  174  11:17  Greater Spire  
  173  11:22  Corruptor x3  
  173  11:23  Corruptor x2  
  183  11:26  Corruptor x2  
  183  11:28  Hatchery  
  186  11:36  Zergling x2  
  186  11:37  Baneling, Zergling x4  
  186  11:38  Baneling x8  
  189  11:42  Zergling x2  
  189  11:44  Baneling x3  
  189  11:45  Baneling  
  187  11:51  Zergling x10  
  178  11:57  Zergling x2  
  178  11:58  Zergling x2  
  178  11:59  Baneling x3  
  178  12:00  Zergling x6  
  183  12:02  Overlord x2  
  183  12:04  Overlord x2  
  183  12:06  Baneling x3  
  183  12:07  Baneling x4, Overlord  
  183  12:09  Overlord  
  183  12:11  Baneling  
  175  12:16  Zergling x10  
  175  12:21  Zergling x6  
  178  12:25  Queen  
  178  12:28  Zerg Missile Weapons Level 1  
  180  12:32  Brood Lord  
  180  12:33  Brood Lord x3  
  180  12:36  Overseer  
  182  12:42  Brood Lord  
  182  12:44  Zergling x16  
  187  12:50  Brood Lord  
  193  12:56  Brood Lord  
  193  12:57  Zergling x4  
  193  12:58  Zergling x4  
  199  13:03  Zergling x16  
  188  13:10  Zergling x12  
  182  13:16  Hydralisk x4  
  180  13:20  Zergling x8  
  180  13:23  Corruptor x2  
  180  13:26  Zerg Flyer Weapons Level 1  
  187  13:31  Corruptor  
  187  13:33  Drone  
  187  13:34  Drone x3, Extractor  
  193  13:38  Corruptor  
  193  13:41  Baneling x2  
  194  13:43  Zergling x2  
  194  13:44  Zergling x6  
  197  14:05  Drone x2  
  197  14:08  Zergling x2  
  199  14:14  Zergling x4  
  198  14:18  Baneling x3  
  198  14:19  Baneling x5, Hatchery  
  198  14:20  Baneling  
  198  14:21  Baneling x7  
  191  14:25  Zergling x2  
  191  14:26  Zergling x20  
  186  14:31  Zergling x2  
  186  14:32  Zergling x4  
  186  14:36  Hydralisk x2  
  188  14:41  Baneling x2  
  188  14:43  Corruptor x2  
  192  14:46  Hydralisk  
  192  14:48  Overseer x3  
  192  14:50  Zergling x6  
  192  14:52  Baneling x3  
  197  14:53  Baneling x8  
  197  14:57  Zergling x2  
  197  14:58  Baneling x5  
  195  15:02  Zergling x2  
  195  15:03  Zergling x4  
  195  15:10  Zergling x8  
  193  15:18  Corruptor  
  195  15:23  Zergling x2  
  195  15:24  Zergling x4  
  178  15:33  Zergling x2  
Show
View Real Time Build Order
Export as new Build Order

INnoVation Terran - Winner!

Build Orders: Gas First Reaper Expand, Hellion Banshee 

Get SALT Encoding   

  12  0:00  SCV  
  13  0:12  SCV  
  14  0:17  Supply Depot  
  14  0:25  SCV  
  14  0:27  Refinery  
  15  0:38  SCV  
  16  0:44  Barracks  
  16  0:50  SCV  
  17  1:02  SCV  
  18  1:15  SCV  
  19  1:30  Orbital Command  
  19  1:31  Reaper  
  20  1:42  Command Center  
  20  1:53  Factory  
  20  1:57  SCV  
  21  2:05  Barracks Reactor  
  21  2:09  SCV  
  21  2:14  Supply Depot  
  22  2:16  Refinery  
  22  2:21  SCV  
  23  2:35  SCV  
  24  2:44  Starport  
  24  2:47  SCV  
  24  2:48  Hellion  
  24  2:49  Hellion  
  29  2:51  Marine  
  29  2:57  Orbital Command  
  30  3:01  SCV  
  31  3:11  Marine  
  32  3:13  SCV  
  32  3:17  Hellion x2  
  37  3:21  Starport Tech Lab  
  37  3:25  SCV  
  37  3:26  SCV  
  39  3:33  Supply Depot  
  39  3:38  SCV x2  
  39  3:39  Cloaking Field  
  41  3:42  Banshee  
  44  3:52  Hellion  
  44  3:55  Hellion  
  48  3:56  SCV x2  
  48  4:01  Supply Depot  
  50  4:07  Barracks Tech Lab  
  50  4:08  SCV x2  
  54  4:24  Command Center  
  52  4:25  Banshee  
  52  4:26  Stimpack  
  52  4:28  SCV x2  
  57  4:32  Supply Depot  
  57  4:34  Factory Reactor  
  57  4:40  SCV x2  
  57  4:44  Barracks  
  59  4:47  Marine, Barracks  
  61  4:52  SCV  
  61  4:53  SCV  
  61  4:55  Supply Depot  
  62  5:02  Engineering Bay  
  62  5:03  Engineering Bay  
  62  5:05  SCV  
  62  5:06  SCV  
  64  5:08  Marine  
  65  5:18  SCV x2  
  65  5:20  Starport Reactor  
  67  5:22  Refinery x2, Supply Depot  
  67  5:26  Marine  
  68  5:30  SCV x2  
  68  5:31  Terran Infantry Weapons Level 1, Factory Reactor  
  68  5:33  Terran Infantry Armor Level 1  
  70  5:37  Orbital Command  
  70  5:41  Marine x2  
  70  5:42  Marine  
  73  5:43  Marine, SCV  
  75  5:54  SCV  
  75  5:55  SCV  
  77  5:57  Barracks  
  77  5:59  Barracks  
  77  6:01  Marine x5  
  82  6:06  Orbital Command, Medivac x2  
  82  6:11  Widow Mine x2  
  90  6:13  SCV  
  90  6:14  SCV  
  90  6:17  Supply Depot  
  92  6:24  Marine x5  
  97  6:26  SCV x2  
  97  6:27  Combat Shield  
  97  6:31  Armory  
  97  6:32  SCV  
  100  6:40  SCV  
  100  6:41  SCV  
  100  6:44  SCV  
  100  6:45  Barracks Reactor  
  103  6:48  Refinery  
  103  6:50  Barracks Reactor  
  103  6:51  Factory  
  103  6:53  SCV x2  
  105  6:58  Supply Depot, SCV  
  105  7:00  Supply Depot x2  
  105  7:01  Widow Mine  
  108  7:05  Supply Depot, SCV  
  109  7:20  Widow Mine, SCV x2  
  113  7:23  Supply Depot, Command Center, Medivac x2  
  113  7:29  Terran Infantry Armor Level 2, Terran Infantry Weapons Level 2  
  115  7:38  SCV  
  115  7:39  Drilling Claws, SCV x2, Terran Vehicle And Ship Armor Level 1  
  113  7:44  Marine x5  
  113  7:50  Widow Mine x3  
  124  7:53  SCV x3  
  124  7:57  Medivac x2  
  131  8:04  Refinery, Supply Depot  
  131  8:07  Supply Depot  
  131  8:11  Barracks  
  131  8:12  Barracks  
  131  8:13  SCV x3  
  131  8:15  Barracks  
  131  8:18  Widow Mine, Siege Tank  
  131  8:19  Widow Mine  
  141  8:32  Marine  
  141  8:33  Marine x7, Marauder  
  151  8:38  Supply Depot  
  151  8:41  Widow Mine  
  151  8:42  Widow Mine  
  155  8:49  Medivac x2  
  155  8:51  Siege Tank  
  155  8:54  Marine x4, Marauder  
  155  8:55  Marine  
  169  9:02  Planetary Fortress  
  169  9:03  Widow Mine x2  
  169  9:04  SCV x3, Barracks Tech Lab x3  
  176  9:14  Marine x3  
  176  9:15  Marine x5  
  176  9:16  Marauder  
  186  9:21  Medivac  
  180  9:24  Widow Mine  
  180  9:25  Medivac  
  184  9:32  Widow Mine, Marine  
  184  9:37  Concussive Shells  
  188  9:38  Marine  
  188  9:39  Marauder  
  188  9:40  Marine  
  188  9:41  Marauder x2  
  187  9:54  Marauder  
  187  9:55  Command Center  
  187  9:59  Widow Mine  
  187  10:01  Widow Mine, Medivac  
  187  10:04  Terran Infantry Weapons Level 3  
  187  10:05  Marine, Medivac  
  188  10:07  Terran Infantry Armor Level 3  
  188  10:09  Marine x4  
  188  10:13  Marine x2  
  187  10:15  Marine  
  187  10:17  Marine  
  187  10:18  Marine  
  187  10:20  Widow Mine  
  187  10:22  Marauder  
  187  10:23  Marine  
  187  10:26  Marine  
  188  10:29  Command Center  
  188  10:30  SCV  
  188  10:31  Marine  
  188  10:40  Widow Mine  
  188  10:41  Terran Vehicle And Ship Armor Level 2  
  188  10:50  Marine x2  
  188  10:51  Marine x3, SCV  
  188  10:52  Marauder x3  
  188  10:54  SCV  
  188  10:55  Widow Mine  
  187  11:01  Marine x2, Widow Mine  
  187  11:02  Marine  
  187  11:04  Marauder  
  187  11:06  Medivac  
  187  11:07  Widow Mine  
  187  11:08  Marine x3  
  187  11:09  Marine x2  
  180  11:13  Marine, Marauder x2  
  180  11:14  SCV  
  180  11:15  SCV x2  
  180  11:16  Widow Mine  
  190  11:18  Marine  
  190  11:22  Widow Mine  
  190  11:24  Starport  
  190  11:25  Starport  
  193  11:27  Refinery x2, Fusion Core  
  193  11:28  Widow Mine  
  193  11:30  SCV x3, Planetary Fortress  
  198  11:35  Medivac  
  197  11:49  Marauder x3  
  181  12:02  Starport Tech Lab  
  181  12:03  Starport Reactor, Ghost Academy  
  181  12:04  Refinery  
  181  12:06  Refinery, Liberator, Sensor Tower, Command Center  
  181  12:09  Marine, Marauder  
  181  12:10  Marine x4, Marauder  
  181  12:11  Marauder x2  
  186  12:22  Advanced Ballistics, Medivac x2  
  171  12:27  Marine  
  175  12:30  Marine x3, Marauder  
  175  12:32  Widow Mine, Marauder x3  
  175  12:34  Widow Mine  
  175  12:37  Widow Mine  
  192  12:52  Liberator, Marauder  
  192  12:53  Widow Mine, Marauder  
  192  12:55  Liberator, Widow Mine  
  200  12:59  Command Center  
  200  13:04  Widow Mine  
  179  13:15  Widow Mine  
  179  13:16  Widow Mine  
  179  13:17  Marauder  
  185  13:21  Viking x3, Ghost  
  185  13:25  Ghost  
  182  13:28  Ghost  
  182  13:30  Marine x3  
  182  13:32  Marine  
  182  13:33  Marine  
  189  13:36  Widow Mine x2  
  189  13:38  Widow Mine  
  189  13:40  Terran Ship Weapons Level 1  
  195  13:51  Viking x2  
  195  13:55  Personal Cloaking  
  199  14:02  Command Center  
  199  14:04  Command Center  
  199  14:13  Orbital Command  
  193  14:24  Ghost x4  
  183  14:25  Marine, Viking x5  
  183  14:26  Marine  
  165  14:41  Marine x6  
  165  14:43  Marine  
  165  14:44  Marine  
  169  14:53  Marauder  
  169  14:54  Marauder x3  
  169  14:55  Viking x2, Medivac x2  
  169  14:59  Marine x6, Viking  
  186  15:14  Marine  
  186  15:15  Marine, Marauder x4  
  186  15:17  Marine x2  

Tags
 
Add a new tag
Caveats
  • Supply blocks, unpowered buildings, or Contaminate may cause inaccurate times.
  • Supply counts are checked every 10 seconds.